 Dungeon Crawl Stone Soup version 0.31-a0-486-g8d68a81214 (webtiles) character file.

Game seed: 10137910772527104940

20 AstroCodex24 the Covered (level 2, -5/25 HPs)
             Began as a Demigod Fighter on Aug 7, 2023.
             Slain by an iguana (11 damage)
             ... on level 4 of the Dungeon.
             The game lasted 00:03:32 (592 turns).

AstroCodex24 the Covered (Demigod Fighter)           Turns: 592, Time: 00:03:33

Health: -5/25      AC: 11    Str: 17    XL:     2   Next: 42%
Magic:  4/4        EV:  4    Int: 10    God:
Gold:   47         SH:  4    Dex: 13    Spells: 1/1 levels left

rFire   . . .        a - +0 war axe
rCold   . . .        c - +0 buckler
rNeg    . . .        f - +0 plate armour
rPois   .            (helmet currently unavailable)
rElec   .            (cloak currently unavailable)
rCorr   .            (gloves currently unavailable)
SInv    .            (boots currently unavailable)
Will    .....        (no amulet) Stlth
                     (no ring)
HPRegen 0.24/turn    (no ring)
MPRegen 0.09/turn

%: no passive effects
@: beast-form
A: beast (slay +0), high MP 1, forlorn, divine attributes
a: Begin Untransformation


You were on level 4 of the Dungeon.
You were a hulking beast.
You visited 1 branch of the dungeon, and saw 5 of its levels.

You collected 47 gold pieces.

Inventory:

Hand Weapons
 a - a +0 war axe (weapon)
Armour
 b - a +0 scale mail
 c - a +0 buckler (worn)
 f - a +0 plate armour (worn)
Talismans
 j - a beast talisman (active)
Wands
 g - a wand of polymorph (3)
Scrolls
 e - 4 scrolls of identify {unknown}
 h - a scroll of teleportation {unknown}
 i - a scroll of revelation {unknown}
Potions
 d - a potion of might


   Skills:
 + Level 2.8 Fighting
 + Level 1.8 Axes
 + Level 3.2 Armour
 + Level 3.0 Shields


You had one spell level left.
You didn't know any spells.
Your spell library contained the following spells:

 Spells                   Type           Power      Damage    Failure   Level
 Summon Small Mammal      Summ           0%         N/A       100%        1
 Call Canine Familiar     Summ           0%         N/A       100%        3
 Summon Guardian Golem    Hex/Summ       0%         N/A       100%        3


Dungeon Overview and Level Annotations

Branches:
Dungeon (5/15)
 Temple: D:4-7

Shops:
D:4 =


Innate Abilities, Weirdness & Mutations

You are a hulking beast.
Your limbs bulge with bestial killing power. (Slay +0)
You have an increased reservoir of magic. (+10% MP)
You shall have no god before yourself.
Your divine heritage dramatically boosts your attributes as you level up.


Message History

Okay, then.
Found a stone staircase leading down.
You open the large door.
There is a large open door here.
You now have 47 gold pieces (gained 13).
There is a fountain of clear blue water here.
There is a large open door here.
There is a stone staircase leading down here.
You climb downwards.
The orc shouts!
The orc priest shouts! x2
Found 14 gold pieces.
Found a stone staircase leading down.
There is a stone staircase leading up here.
The orc priest looks satisfied for a moment.
You climb upwards.
There is a stone staircase leading down here.
You climb downwards.
The iguana barely misses you.
There is a stone staircase leading up here.
The iguana bites you.
You climb upwards.
There is a stone staircase leading down here.
You slash the iguana!
The iguana is heavily wounded.
The iguana bites you! The iguana bites you.
You hit the iguana but do no damage.
The iguana is heavily wounded.
The iguana bites you but does no damage.
You hit the iguana but do no damage.
The iguana is heavily wounded.
The iguana barely misses you.
You closely miss the iguana.
The iguana is heavily wounded.
The iguana barely misses you. The iguana bites you.
* * * LOW HITPOINT WARNING * * *
You hit the iguana but do no damage.
The iguana is heavily wounded.
The iguana bites you but does no damage.
You hit the iguana.
The iguana is heavily wounded.
The iguana barely misses you. The iguana bites you!
You die...

#..##...##..###.#
##..##...##.....#
#....''.⌠.''..#.## #
##....##...##......#
####....##...##.......####
...'...##...##............
####..##.⌠.##..##....#####
# #.####'##...##..#.## #
#.........#.lh.....# #
####...####.##.###.# #
##+## #.##.## #.## #
###.#####.##...###.# #
#.........#####.#.## #
#.#.####.........# #
#....###..######.# ##
#.....##..# #.# .#
#.....##.)######.#


You could see an iguana.

Vanquished Creatures
  An ufetubus (D:4)
  A worm (D:3)
  A ball python (D:3)
  An endoplasm (D:3)
  2 giant cockroaches
  A goblin (D:2)
  A kobold (D:1)
  2 bats
  A frilled lizard (D:3)
  A rat (D:1)
12 creatures vanquished.

Notes
Turn   | Place    | Note
-------+----------+-------------------------------------------
     0 | D:1      | AstroCodex24 the Demigod Fighter began the quest for the
                  | Orb.
     0 | D:1      | Reached XP level 1. HP: 18/18 MP: 3/3
   357 | D:3      | Reached XP level 2. HP: 19/25 MP: 4/4
   490 | D:4      | Found Henajula's Jewellery Shoppe.
   580 | D:5      | Entered Level 5 of the Dungeon
   592 | D:4      | Slain by an iguana

Illustrated notes

Levels and vault maps discovered:
D:1:      dpeg_arrival_brainrot, layout_basic, serial_shops,
          nicolae_shop_tiny_glass, shop, shop
D:2:      layout_basic
D:3:      layout_basic, fiery_altar_vehumet, nicolae_shop_vocational
D:4:      layout_loops_corners, serial_shops, nicolae_shop_just_a_little_nook,
          fountainhead, grunt_decor_arrowhead, dk_rats_in_the_wall,
          uniq_blork_the_orc
D:5:      layout_basic, nicolae_shop_overcharged_wands

Skill      XL: |  1  2 |
---------------+-------+-----
Armour         | 3 |  3.2
Shields        | 3 |  3.0
Fighting       | |  2.8
Axes           | |  1.8

Action                     || total
---------------------------++-------
  Melee: War axe           ||    30
 Armour: Scale mail        ||     7
         Plate armour      ||    16
  Dodge: Dodged            ||    19
  Block: Buckler           ||     6
   Form: Beast             ||     1

Table legend: (Time is in decaauts)
 A = Elapsed time spent in this place.
 B = Non-inter-level travel time spent in this place.
 C = Inter-level travel time spent in this place.
 D = Time resting spent in this place.
 E = Time spent auto-exploring this place.
 F = Levels seen in this place.
 G = Mean time per level.
                   A        B        C        D        E       F      G
               +--------+--------+--------+--------+--------+-----+--------+
         Total |    606 |    564 |     42 |      0 |      0 |   5 |  121.2 |
       Dungeon |    606 |    564 |     42 |      0 |      0 |   5 |  121.2 |
               +--------+--------+--------+--------+--------+-----+--------+

Top non-repeatable levels by time:
     D:3: 263 daAuts
     D:4: 159 daAuts
     D:1: 145 daAuts
     D:2: 33 daAuts
     D:5: 4 daAuts
